 Dungeon Crawl Stone Soup version 0.30-a0-310-g7d6cbdfea6 (webtiles) character file.

Game seed: 18085045484905934040

18606 garrulousMonolith the Geomancer (level 12, -2/73 HPs)
             Began as a Gargoyle Earth Elementalist on Oct 24, 2022.
             Was an Elder of Sif Muna.
             Slain by an elephant (10 damage)
             ... on level 2 of the Lair of Beasts.
             The game lasted 00:23:17 (14118 turns).

garrulousMonolith the Geomancer (GrEE)             Turns: 14118, Time: 00:23:18

Health: -2/73      AC: 22    Str: 13    XL:     12   Next: 60%
Magic:  14/22      EV: 11    Int: 24    God:    Sif Muna [****..]
Gold:   255        SH:  0    Dex: 14    Spells: 14/25 levels left

rFire   + . .      SeeInvis +    V - +10 glaive of the Protecting Madman {vamp, rPois Will+ Dex+4}
rCold   + . .      Faith    +    (shield currently unavailable)
rNeg    + + +      Spirit   .    T - +4 ring mail of Patterns {rElec rN+++ Will- Int+4}
rPois   ∞          Reflect  .    X - +1 hat {Stlth+}
rElec   +          Harm     .    a - scarf {rC+ rF+}
rCorr   .          Rampage  .    (no gloves)
Will    .....                    s - +0 pair of boots
Stlth   ++........               u - amulet of faith
HPRegen 0.32/turn                e - +4 ring of slaying
MPRegen 0.18/turn                I - ring of see invisible

@: no status effects
A: sickness immunity, AC +8, negative energy resistance 1, electricity
resistance, torment resistance 1, petrification resistance
a: Renounce Religion, Channel Magic, Forget Spell, Divine Exegesis


You were on level 2 of the Lair of Beasts.
You worshipped Sif Muna.
Sif Muna was greatly pleased with you.
You visited 3 branches of the dungeon, and saw 15 of its levels.

You collected 794 gold pieces.
You spent 539 gold pieces at shops.

Inventory:

Hand Weapons
 k - a +1 spear of venom
 q - a +0 sling of chaos
 w - the +5 dagger of Hepliaklqana's Fury {vorpal, *Corrode +Blink Int-2 SInv}
   (You found it on level 4 of the Dungeon)

   It inflicts extra damage upon your enemies.
   Int:       It affects your intelligence (-2).
   SInv:      It lets you see invisible.
   +Blink:    It lets you blink.
   *Corrode:  It may corrode you when you take damage.
 E - a +2 dagger of venom
 V - the +10 glaive of the Protecting Madman (weapon) {vamp, rPois Will+ Dex+4}
   (You found it on level 10 of the Dungeon)

   It occasionally heals its wielder for a portion of the damage dealt when it
   wounds a living foe.
   Dex:       It affects your dexterity (+4).
   rPois:     It protects you from poison.
   Will:      It increases your willpower.
Missiles
 d - 69 poisoned darts (quivered)
 v - 3 silver javelins
 y - 5 curare-tipped darts
 F - 2 silver boomerangs
 P - 5 throwing nets
Armour
 a - a scarf of resistance (worn)
 n - a +0 cloak
 s - a +0 pair of boots (worn)
 T - the +4 ring mail of Patterns (worn) {rElec rN+++ Will- Int+4}
   (You found it on level 11 of the Dungeon)

   Int:       It affects your intelligence (+4).
   rElec:     It insulates you from electricity.
   rN:        It renders you almost immune to negative energy.
   Will:      It decreases your willpower.
 X - a +1 hat of stealth (worn)
Jewellery
 e - a +4 ring of slaying (left hand)
 h - an amulet of magic regeneration
 u - an amulet of faith (around neck)
 I - a ring of see invisible (right hand)
 O - the amulet of Eternal Night {Reflect Regen+ Slay+5 SH+5}
   (You found it on level 9 of the Dungeon)

   [amulet of reflection]

   It reflects blocked missile attacks.
   Slay:      It affects your accuracy & damage with ranged weapons and melee
   (+5).
   Regen:     It increases your rate of health regeneration.
   SH:        It affects your SH (+5).
 R - a ring of positive energy
 W - a ring of ice
Wands
 j - a wand of paralysis (4)
 m - a wand of digging (12)
 t - a wand of iceblast (5)
 J - a wand of flame (21)
 N - a wand of mindburst (21)
 S - a wand of polymorph (7)
Scrolls
 c - a scroll of poison
 f - a scroll of fog
 p - 5 scrolls of teleportation
 x - a scroll of brand weapon
 z - 5 scrolls of enchant weapon
 A - 2 scrolls of silence
 H - a scroll of enchant armour
Potions
 b - 2 potions of magic
 g - 3 potions of cancellation
 i - a potion of resistance
 l - 4 potions of invisibility
 o - 6 potions of might
 r - 4 potions of curing
 B - 4 potions of haste
 C - 2 potions of degeneration
 D - 2 potions of brilliance
 G - 4 potions of attraction
 K - 4 potions of berserk rage
 L - a potion of mutation
 U - a potion of flight
 Y - a potion of ambrosia


   Skills:
 + Level 8.0 Fighting
 + Level 8.1 Armour
 - Level 2.0 Dodging
 - Level 2.1 Stealth
 + Level 7.0 Spellcasting
 - Level 10.0 Conjurations
 * Level 2.3 Necromancy
 - Level 1.0 Transmutations
 * Level 13.2 Earth Magic
 + Level 7.5 Invocations


You had 14 spell levels left.
You knew the following spells:

 Your Spells              Type           Power      Damage    Failure   Level
a - Sandblast             Erth           100%       2d20      1%          1
b - Stone Arrow           Conj/Erth      100%       3d13      1%          3
c - Passwall              Tmut/Erth      35%        N/A       1%          2
d - Borgnjor's Vile Clut  Necr/Erth      22%        N/A       16%         5

Your spell library contained the following spells:

 Spells                   Type           Power      Damage    Failure   Level
 Necrotise                Necr           76%        1d7       5%          1
 Iskenderun's Battlesphe  Conj           54%        2d10      6%          5
 Petrify                  Tmut/Erth      42%        N/A       8%          4
 Slow                     Hex            32%        N/A       14%         1
 Vampiric Draining        Necr           19%        2d7       16%         3
 Ensorcelled Hibernation  Hex/Ice        16%        N/A       21%         2
 Confusing Touch          Hex            8%         N/A       38%         3
 Summon Guardian Golem    Hex/Summ       8%         N/A       38%         3
 Swiftness                Air            8%         N/A       38%         3
 Fireball                 Conj/Fire      16%        3d8       43%         5
 Agony                    Necr           19%        N/A       82%         5
 Orb of Destruction       Conj           27%        9d9       88%         7
 Conjure Ball Lightning   Conj/Air       16%        3x3d6     95%         6
 Alistair's Intoxication  Tmut/Pois      6%         N/A       97%         5
 Eringya's Noxious Bog    Tmut/Pois      5%         N/A       100%        6
 Spellforged Servitor     Conj/Summ      16%        N/A       100%        7


Dungeon Overview and Level Annotations

Branches:
Dungeon (12/15)            Temple (1/1) D:4            Lair (2/5) D:9
    Orc (0/2) D:9
  Swamp: Lair:2-3    Shoals: Lair:2-3     Snake: Lair:2-3    Spider: Lair:2-3

Altars:
Ashenzari
Cheibriados
Dithmenos
Elyvilon
Fedhas
Gozag
Hepliaklqana
Kikubaaqudgha
Makhleb
Nemelex Xobeh
Okawaru
Qazlal
Ru
Sif Muna
Trog
Uskayaw
Vehumet
Yredelemnul
Zin
The Shining One

Shops:
D:7 [   D:9 !

Portals:
Trove: D:10 (give 17 potions of curing)

Annotations:
D:8 2 runed translucent doors


Innate Abilities, Weirdness & Mutations

You are immune to sickness and miasma.
Your stone body is resilient. (AC +8)
You are immune to poison.
You resist negative energy. (rN+)
You are resistant to electric shocks. (rElec)
You are resistant to unholy torment.
You are immune to petrification.


Message History

The elephant trunk-slaps you but does no damage.
The elephant tramples you but does no damage.
The elephant misses you.
The elephant tramples you but does no damage.
The elephant barely misses you.
The elephant tramples you but does no damage.
The elephant misses you.
You slash the elephant!
The elephant is heavily wounded.
The elephant closely misses you.
The elephant trunk-slaps you but does no damage.
The elephant closely misses you.
The elephant trunk-slaps you but does no damage.
The elephant barely misses you. The elephant trunk-slaps you.
* * * LOW HITPOINT WARNING * * *
The elephant tramples you but does no damage.
The elephant trunk-slaps you but does no damage.
You slash the elephant!
You feel better.
The elephant is heavily wounded.
The elephant closely misses you.
The elephant trunk-slaps you but does no damage.
The elephant tramples you but does no damage.
The elephant trunk-slaps you but does no damage.
You slash the elephant!
The elephant is severely wounded.
The elephant misses you.
The elephant trunk-slaps you but does no damage.
The elephant closely misses you. The elephant trunk-slaps you.
* * * LOW HITPOINT WARNING * * *
The elephant tramples you but does no damage.
The elephant closely misses you. The elephant barely misses you. x2
You hit the elephant.
The elephant is severely wounded.
The elephant barely misses you. The elephant misses you.
The elephant closely misses you.
The elephant trunk-slaps you but does no damage.
The elephant tramples you!
* * * LOW HITPOINT WARNING * * *
You hold your ground!
The elephant misses you. The elephant tramples you!
You die...

###
########@####
.......YY†..##P
....:..<........
................
................
###...#.#.......
##.####.P##P##
## .## ## .#


You could see 2 elephants.

Vanquished Creatures
  Gastronok (D:11)
  Fannar (D:11)
  Harold (D:11)
  4 two-headed ogres
  Sonja (Lair:1)
  2 cyclopes (D:11)
  Maurice (D:8)
  2 elephants
  A black mamba (Lair:1)
  A cane toad (Lair:1)
  A gargoyle (D:10)
  A komodo dragon (Lair:1)
  A hornet (D:9)
  2 trolls
  Prince Ribbit (Lair:1)
  2 blink frogs (Lair:1)
  A wraith (D:10)
  28 yaks
  4 fire bats (D:9)
  2 wyverns (Lair:1)
  4 steam dragons
  2 acid dragons
  A hell hound (D:9)
  3 water moccasins
  An orc warrior (D:11)
  3 sky beasts
  2 centaurs (D:7)
  A phantom (D:4)
  5 kobold brigands
  10 bullfrogs
  A necrophage (D:5)
  2 gnoll sergeants
  5 scorpions
  5 wights (D:8)
  6 howler monkeys
  2 lava snakes (D:9)
  3 jellies
  3 hounds
  3 orc priests
  4 orc wizards
  7 adders
  8 gnolls
  3 shadow imps (D:5)
  3 white imps
  2 ufetubi
  2 worms
  7 dart slugs
  26 orcs
  9 ball pythons
  2 bats
  5 endoplasms
  A giant cockroach (D:1)
  4 goblins
  8 hobgoblins
  6 jackals (D:2)
  31 kobolds
  4 quokkas
  A frilled lizard (D:2)
  5 rats
  3 fire vortices (D:9)
261 creatures vanquished.

Notes
Turn   | Place    | Note
-------+----------+-------------------------------------------
     0 | D:1      | garrulousMonolith the Gargoyle Earth Elementalist began the
                  | quest for the Orb.
     0 | D:1      | Reached XP level 1. HP: 10/10 MP: 3/3
   230 | D:1      | Reached XP level 2. HP: 15/15 MP: 5/5
   297 | D:1      | Reached skill level 1 in Transmutations
   297 | D:1      | Reached skill level 4 in Earth Magic
   704 | D:2      | Reached skill level 1 in Armour
   704 | D:2      | Reached XP level 3. HP: 20/20 MP: 4/6
   708 | D:2      | Learned a level 3 spell: Stone Arrow
   741 | D:2      | Reached skill level 1 in Fighting
   801 | D:2      | Learned a level 2 spell: Passwall
   975 | D:2      | Reached XP level 4. HP: 24/25 MP: 7/7
  1987 | D:3      | You fall into a shaft and drop 1 floor!
  2001 | D:4      | Identified the +5 dagger of Hepliaklqana's Fury {vorpal,
                  | *Corrode +Blink Int-2 SInv}
  2054 | D:4      | Found a staircase to the Ecumenical Temple.
  2373 | D:4      | Reached skill level 1 in Conjurations
  2373 | D:4      | Reached XP level 5. HP: 30/30 MP: 6/8
  2396 | D:4      | Noticed a phantom
  2427 | D:4      | Reached skill level 5 in Earth Magic
  2542 | D:4      | Found a white marble altar of Elyvilon.
  2718 | D:4      | Killed a phantom
  2719 | D:4      | Reached XP level 6. HP: 35/35 MP: 7/10
  2768 | D:5      | Entered Level 5 of the Dungeon
  2784 | D:5      | Found a broken altar of Ashenzari.
  2928 | D:5      | Reached XP level 7. HP: 40/40 MP: 9/11
  2944 | D:5      | Learned a level 5 spell: Borgnjor's Vile Clutch
  2945 | D:5      | Reached skill level 6 in Earth Magic
  3053 | D:5      | Found a shadowy altar of Dithmenos.
  3169 | D:5      | Found a hide-covered altar of Uskayaw.
  3565 | Temple   | Entered the Ecumenical Temple
  3613 | Temple   | Became a worshipper of Sif Muna the Loreminder
  3940 | D:6      | Identified the +8 chain mail of New Discoveries {rF- Will+
                  | Regen+}
  4267 | D:6      | Reached skill level 1 in Invocations
  4267 | D:6      | Reached XP level 8. HP: 44/46 MP: 1/13
  4881 | D:7      | Reached skill level 7 in Earth Magic
  5157 | D:7      | Reached skill level 5 in Conjurations
  5260 | D:7      | Reached * piety under Sif Muna
  5451 | D:7      | Reached skill level 8 in Earth Magic
  5451 | D:7      | Reached XP level 9. HP: 52/52 MP: 5/15
  5843 | D:7      | Found Jacieb's Armour Boutique.
  6102 | D:7      | Reached ** piety under Sif Muna
  6771 | D:8      | Reached skill level 5 in Fighting
  6771 | D:8      | Reached skill level 9 in Earth Magic
  6958 | D:8      | Noticed a two-headed ogre
  6963 | D:8      | Killed a two-headed ogre
  6964 | D:8      | Reached skill level 5 in Armour
  6964 | D:8      | Reached XP level 10. HP: 52/59 MP: 0/17
  7180 | D:8      | Noticed Maurice
  7190 | D:8      | Killed Maurice
  7191 | D:8      | Reached skill level 5 in Spellcasting
  7729 | D:8      | Reached skill level 10 in Earth Magic
  7873 | D:8      | Found a large runed translucent door.
  7874 | D:8      | Found a large runed translucent door.
  8159 | D:8      | Noticed a two-headed ogre
  8164 | D:8      | Killed a two-headed ogre
  8495 | D:9      | Found a staircase to the Lair.
  8515 | D:9      | Found Boskes's Distillery.
  8524 | D:9      | Bought a potion of heal wounds for 65 gold pieces
  8534 | D:9      | Reached skill level 5 in Invocations
  8609 | D:9      | Reached *** piety under Sif Muna
  9010 | D:9      | Noticed a two-headed ogre
  9015 | D:9      | Killed a two-headed ogre
  9141 | D:9      | Found a staircase to the Orcish Mines.
  9341 | D:9      | Reached XP level 11. HP: 64/64 MP: 6/19
  9628 | D:9      | Reached skill level 11 in Earth Magic
  9639 | D:9      | Identified the amulet of Eternal Night {Reflect Regen+
                  | Slay+5 SH+5}
  9904 | D:10     | Entered Level 10 of the Dungeon
 10702 | D:10     | Found a portal to a secret trove of treasure.
 10705 | D:10     | Identified the +10 glaive of the Protecting Madman {vamp,
                  | rPois Will+ Dex+4}
 11046 | D:11     | Identified the +4 ring mail of Patterns {rElec rN+++ Will-
                  | Int+4}
 11066 | D:11     | Noticed Fannar
 11296 | D:11     | Noticed Harold
 11314 | D:11     | Noticed a two-headed ogre
 11319 | D:11     | Killed a two-headed ogre
 11326 | D:11     | Killed Harold
 11336 | D:11     | Killed Fannar
 11336 | D:11     | Reached **** piety under Sif Muna
 11349 | D:11     | Reached skill level 10 in Conjurations
 11815 | D:11     | Noticed a cyclops
 11820 | D:11     | Killed a cyclops
 11821 | D:11     | Reached skill level 12 in Earth Magic
 11924 | D:11     | Noticed a cyclops
 11928 | D:11     | Killed a cyclops
 12050 | D:11     | Reached XP level 12. HP: 72/72 MP: 1/21
 12261 | D:11     | Noticed Gastronok
 12271 | D:11     | Killed Gastronok
 12733 | Lair:1   | Entered Level 1 of the Lair of Beasts
 12813 | Lair:1   | HP: 3/73 [cane toad (17)]
 12817 | Lair:1   | Reached skill level 1 in Necromancy
 13058 | Lair:1   | Noticed Sonja
 13062 | Lair:1   | Killed Sonja
 13201 | Lair:1   | Reached skill level 13 in Earth Magic
 13362 | Lair:1   | Noticed Prince Ribbit
 13368 | Lair:1   | Killed Prince Ribbit
 14049 | D:7      | Bought a scarf of resistance for 416 gold pieces
 14049 | D:7      | Bought a +0 pair of boots for 58 gold pieces
 14118 | Lair:2   | Slain by an elephant

Illustrated notes

Levels and vault maps discovered:
D:1:      mrwooster_arrival_statue_3, layout_loops_ring, minivault_19,
          nrook_loot_triangle
D:2:      layout_basic, grunt_ministairs_1
D:3:      layout_loops_ring
D:4:      layout_rooms, kennysheep_mini_moat, minmay_temple_entry_from_below_b
D:5:      layout_loops_ring, mainiacjoe_overflow_paths,
          mainiacjoe_overflow_big_doors
D:6:      layout_basic
D:7:      layout_layer_cave, serial_shops, shop_fountains, minmay_statues_item,
          hangedman_abyss_or_decor_slice, minmay_circle_x
D:8:      layout_loops_ring, jmf_multi_god_temple2, uniq_maurice
D:9:      layout_loops_ring, lair_entry_dummy, orc_0_dummy, serial_shops,
          shop_fountains, hangedman_incinerator
D:10:     nicolae_cairo_tiling, layout_gridville,
          nicolae_trove_entry_free_sample
D:11:     layout_small_grid, serial_rivers, chequers_serial_rivers_marsh,
          chequers_serial_rivers_small_b, chequers_serial_rivers_marsh,
          chequers_serial_rivers_micro_c, chequers_serial_rivers_micro_b,
          st_stairs_6, uniq_harold, uniq_fannar, uniq_gastronok
D:12:     layout_irregular_city, uniq_erolcha, uniq_jorgrun
Temple:   nicolae_temple_elliptical
Lair:1:   layout_gridlike, chequers_serial_rivers_large_b, grunt_megastairs_2,
          uniq_prince_ribbit2, uniq_sonja
Lair:2:   minmay_lair_oklob_tunnel, layout_gridlike, minmay_swamp_entry_worms,
          beast_lair_carwin_2, lemuel_fruit_tree

Skill      XL: |  1  2  3  4  5  6  7  8  9 10 11 12 |
---------------+-------------------------------------+-----
Transmutations | 1 |  1.0
Earth Magic    | 4 5 6 8 9 10 12 13 | 13.2
Armour         | 1 2 3 4 5 6 7 8 |  8.1
Fighting       | 1 2 3 4 5 6 7 8 |  8.0
Dodging        | 2 |  2.0
Conjurations   | 1 2 3 4 5 7 8 10 | 10.0
Spellcasting   | 3 4 5 6 7 |  7.0
Invocations    | 1 2 4 5 6 7 |  7.5
Necromancy     | 2 |  2.3
Stealth        | |  2.1

Action                   |  1- 3 |  4- 6 |  7- 9 | 10-12 || total
-------------------------+-------+-------+-------+-------++-------
Melee: Spear             |    17 |       |       |       ||    17
       Dagger            |       |     1 |    55 |    46 ||   102
       Punch             |       |       |       |     2 ||     2
       Glaive            |       |       |       |    61 ||    61
 Fire: Sling             |       |       |       |     8 ||     8
 Cast: Sandblast         |    41 |    67 |    83 |    94 ||   285
       Stone Arrow       |       |       |    63 |   134 ||   197
       Passwall          |       |       |     1 |       ||     1
Invok: Channel Magic     |       |       |       |     1 ||     1
Evoke: Wand              |       |       |     3 |    11 ||    14
  Use: Scroll            |       |     8 |    13 |    11 ||    32
       Potion            |       |       |     5 |     6 ||    11
 Stab: Sleeping          |     1 |       |       |     1 ||     2
       Invisible         |       |       |       |     1 ||     1
Armor: Robe              |    17 |    12 |    14 |       ||    43
       Leather armour    |       |       |    57 |    23 ||    80
       Steam dragon scal |       |       |       |    53 ||    53
       Ring mail         |       |       |       |    49 ||    49
Dodge: Dodged            |    38 |    18 |    83 |   179 ||   318

Table legend: (Time is in decaauts)
 A = Elapsed time spent in this place.
 B = Non-inter-level travel time spent in this place.
 C = Inter-level travel time spent in this place.
 D = Time resting spent in this place.
 E = Time spent auto-exploring this place.
 F = Levels seen in this place.
 G = Mean time per level.
                   A        B        C        D        E       F      G
               +--------+--------+--------+--------+--------+-----+--------+
         Total |  14377 |  13760 |    617 |   2984 |   8809 |  15 |  958.5 |
       Dungeon |  12877 |  12343 |    534 |   2664 |   7854 |  12 | 1073.1 |
        Temple |    154 |    135 |     19 |      0 |    116 |   1 |  154.0 |
          Lair |   1345 |   1281 |     64 |    320 |    839 |   2 |  672.5 |
               +--------+--------+--------+--------+--------+-----+--------+

Top non-repeatable levels by time:
     D:7: 2118 daAuts
    D:11: 1686 daAuts
     D:8: 1643 daAuts
     D:9: 1608 daAuts
  Lair:1: 1327 daAuts
    D:10: 1207 daAuts
     D:6: 939 daAuts
     D:2: 934 daAuts
     D:5: 840 daAuts
     D:1: 710 daAuts
     D:3: 646 daAuts
     D:4: 539 daAuts
  Temple: 154 daAuts
  Lair:2: 17 daAuts
    D:12: 1 daAuts
